 Seeded DCSS version 0.30-a0-242-g7bf8e6d787 (webtiles) character file.

Game seed: 6617275544464515907 (custom seed)

3238 Iusername the Cleaver (level 9, -9/79 HPs)
             Began as a Minotaur Fighter on Oct 11, 2022.
             Mangled by a gnoll
             ... wielding a +0 halberd
              (12 damage)
             ... in a bailey.
             The game lasted 00:06:37 (4856 turns).

Iusername the Cleaver (Minotaur Fighter)            Turns: 4856, Time: 00:06:38

Health: -9/79      AC: 19    Str: 32    XL:     9   Next: 66%
Magic:  8/8        EV: 11    Int:  5    God:
Gold:   401        SH:  0    Dex:  9    Spells: 8/8 levels left

rFire   . . .      SeeInvis .    a - +0 war axe
rCold   . . .      Faith    .    (no shield)
rNeg    . . .      Spirit   .    b - +0 scale mail
rPois   .          Reflect  .    (helmet restricted)
rElec   .          Harm     .    q - +2 cloak
rCorr   .          Rampage  .    c - +2 pair of gloves
Will    .....                    (no boots)
Stlth   ..........               k - amulet of regeneration
HPRegen 1.13/turn                j - +4 ring of protection
MPRegen 0.11/turn                p - +6 ring of strength

@: weakened, studying Axes
A: horns 2, retaliatory headbutt
a: no special abilities


You were in a bailey.
You visited 1 branch of the dungeon, and saw 7 of its levels.
You also visited: Bailey.

You collected 401 gold pieces.

Inventory:

Hand Weapons
 a - a +0 war axe (weapon)
Armour
 b - a +0 scale mail (worn)
 c - a +2 pair of gloves (worn)
 q - a +2 cloak (worn)
Jewellery
 j - a +4 ring of protection (left hand)
 k - an amulet of regeneration (around neck)
 o - a ring of flight
 p - a +6 ring of strength (right hand)
 w - an amulet of the acrobat
 y - a +4 ring of protection
Wands
 t - a wand of mindburst (14)
 u - a wand of charming (8)
Scrolls
 d - 3 scrolls of immolation {unknown}
 e - 3 scrolls of teleportation {unknown}
 g - a scroll of noise {unknown}
 h - a scroll of enchant weapon
 l - 4 scrolls of fear {unknown}
 r - a scroll of summoning {unknown}
 s - 2 scrolls of blinking {unknown}
 A - a scroll of enchant armour {unknown}
Potions
 f - a potion of ambrosia {unknown}
 i - 2 potions of heal wounds
 m - 6 potions of curing
 n - 3 potions of flight
 v - 2 potions of degeneration
 x - a potion of invisibility


   Skills:
 + Level 7.3 Fighting
 + Level 12.8 Axes
 + Level 8.8 Armour
 + Level 3.8 Dodging
 + Level 1.1 Stealth
 + Level 4.6 Shields


You had 8 spell levels left.
You didn't know any spells.
Your spell library contained the following spells:

 Spells                   Type           Power      Damage    Failure   Level
 Beastly Appendage        Tmut           0%         N/A       67%         1
 Blink                    Tloc           0%         N/A       82%         2
 Momentum Strike          Conj/Tloc      0%         3d8       82%         2
 Wereblood                Tmut           0%         N/A       82%         2
 Lesser Beckoning         Tloc           0%         N/A       96%         3
 Spider Form              Tmut/Pois      0%         N/A       96%         3
 Malign Gateway           Summ/Tloc      0%         N/A       100%        7
 Summon Horrible Things   Summ           0%         N/A       100%        8


Dungeon Overview and Level Annotations

Branches:
Dungeon (7/15)             Temple (0/1) D:4          Bailey (1/1)

Altars:
Uskayaw


Innate Abilities, Weirdness & Mutations

You have a pair of horns on your head.
You reflexively headbutt those who attack you in melee.


Message History

The gnoll sergeant hits you from afar with a +0 halberd.
Unknown command.
Unknown command.
You completely miss the gnoll.
The gnoll bouda barks out a call to the hunt!
The gnolls pick up the pace!
The gnoll sergeant barely misses you.
The gnoll hits you from afar with a +0 halberd!
The gnoll sergeant hits you from afar with a +0 halberd.
Unknown command.
You closely miss the gnoll.
The gnoll bouda hits you but does no damage.
The gnoll sergeant barely misses you. The gnoll barely misses you.
The gnoll sergeant hits you but does no damage.
The gnoll barely misses you.
Unknown command.
You closely miss the gnoll.
You headbutt the gnoll, but do no damage.
The gnoll sergeant hits you from afar with a +0 halberd.
The gnoll bouda hits you from afar with a +0 trident.
The gnoll barely misses you.
The gnoll sergeant hits you from afar with a +0 halberd!
Unknown command.
You are too injured to fight recklessly!
Unknown command.
You are too injured to fight recklessly!
You slash the gnoll!
The gnoll is almost dead.
The gnoll hits you with a +0 trident.
The gnoll bouda hits you from afar with a +0 trident.
The gnoll hits you but does no damage.
The gnoll sergeant hits you from afar with a +0 halberd!
* * * LOW HITPOINT WARNING * * *
The gnoll sergeant hits you from afar with a +0 halberd!
* * * LOW HITPOINT WARNING * * *
The gnoll hits you but does no damage.
The gnoll bouda hits you with a +0 trident!
* * * LOW HITPOINT WARNING * * *
The gnoll hits you from afar with a +0 halberd!
You die...

..≈≈♣♣ #..≈.♣ #..≈.♣♣
#..≈..♣ #### #..≈..♣
##...## #..≈..♣♣
##...g.######..≈...♣♣
#...$g@.#...'...)†..♣♣♣
+...8..g'..)'...)..∩..∩
#...$g.g#...'.......♣♣♣
##.....######..≈...♣♣
##...## #..≈...♣ ####
#..≈...♣ #..≈..♣♣
#..≈.♣♣ #..≈.♣


You could see 2 gnoll sergeants, a gnoll bouda and 2 gnolls.

Vanquished Creatures
  A cyclops (D:7)
  4 water moccasins
  An orc warrior (D:7)
  2 ice beasts (D:6)
  A black bear (D:5)
  2 phantoms (D:4)
  A kobold brigand (D:7)
  A bullfrog (D:7)
  A necrophage (D:4)
  6 scorpions
  A gnoll sergeant (D:6)
  4 wights (D:5)
  6 killer bees (D:7)
  3 hounds
  6 orc priests
  Crazy Yiuf (D:2)
  A gnoll bouda (D:7)
  3 jellies
  An iguana (D:4)
  6 orc wizards (D:7)
  13 gnolls
  5 adders
  A shadow imp (D:7)
  2 white imps
  A worm (D:2)
  A dart slug (D:2)
  19 orcs
  3 bats
  8 endoplasms
  6 giant cockroaches
  11 goblins
  7 hobgoblins
  2 jackals (D:4)
  13 kobolds
  3 quokkas
  6 ball pythons
  4 frilled lizards
  6 rats
163 creatures vanquished.

Vanquished Creatures (others)
  A plant (D:4)
1 creature vanquished.

Grand Total: 164 creatures vanquished

Notes
Turn   | Place    | Note
-------+----------+-------------------------------------------
     0 | D:1      | Iusername the Minotaur Fighter began the quest for the Orb.
     0 | D:1      | Reached XP level 1. HP: 19/19 MP: 0/0
   146 | D:1      | Reached XP level 2. HP: 25/27 MP: 1/1
   175 | D:1      | Found a faded altar of an unknown god.
   788 | D:2      | Reached XP level 3. HP: 33/33 MP: 2/2
   838 | D:2      | Found a runed translucent door.
   839 | D:2      | Noticed Crazy Yiuf
   944 | D:2      | Reached skill level 3 in Axes
  1410 | D:2      | Killed Crazy Yiuf
  1411 | D:2      | Reached XP level 4. HP: 33/40 MP: 3/3
  1848 | D:3      | Reached skill level 4 in Axes
  1856 | D:3      | Reached skill level 1 in Dodging
  1856 | D:3      | Reached XP level 5. HP: 47/47 MP: 4/4
  2380 | D:4      | Found a staircase to the Ecumenical Temple.
  2432 | D:4      | Noticed a phantom
  2456 | D:4      | Killed a phantom
  2457 | D:4      | Reached skill level 5 in Axes
  2457 | D:4      | Reached skill level 5 in Armour
  2457 | D:4      | Reached XP level 6. HP: 53/53 MP: 5/5
  2668 | D:4      | Reached skill level 6 in Axes
  2704 | D:4      | Reached skill level 5 in Fighting
  2704 | D:4      | Reached XP level 7. HP: 46/61 MP: 6/6
  2953 | D:5      | Entered Level 5 of the Dungeon
  2972 | D:5      | Found Kuiziat's Antique Armour Shop.
  2984 | D:5      | You fall into a shaft and drop 1 floor!
  3097 | D:6      | Reached skill level 7 in Axes
  3349 | D:6      | Reached skill level 8 in Axes
  3366 | D:6      | Reached XP level 8. HP: 54/69 MP: 7/7
  3749 | D:5      | Reached skill level 9 in Axes
  4319 | D:7      | Reached skill level 10 in Axes
  4342 | D:7      | Reached XP level 9. HP: 75/75 MP: 8/8
  4370 | D:7      | Noticed a cyclops
  4378 | D:7      | Killed a cyclops
  4379 | D:7      | Reached skill level 11 in Axes
  4408 | D:7      | Reached skill level 1 in Stealth
  4481 | D:7      | Reached skill level 12 in Axes
  4661 | D:7      | Found a hide-covered altar of Uskayaw.
  4815 | D:7      | Found a flagged portal.
  4823 | Bailey   | Entered a bailey
  4856 | Bailey   | HP: 3/79 [gnoll bouda/+0 trident (7)]
  4856 | Bailey   | Mangled by a gnoll

Illustrated notes

Levels and vault maps discovered:
D:1:      eino_arrival_tree_alley, layout_loops_ring,
          hellmonk_ecumenical_altar_crossroads
D:2:      minmay_diamond_boxcup, layout_loops_ring, uniq_crazy_yiuf_cottage
D:3:      layout_basic
D:4:      layout_basic, temple_hall, serial_bayou_ford_a
D:5:      layout_gridville, serial_shops, shop_fountains
D:6:      layout_loops_ring
D:7:      layout_rooms, mainiacjoe_overflow_surrounded_room, enter_bailey_3,
          minmay_manual_monolith
Bailey:   bailey_polearm_gnolls_kennysheep, bailey

Skill      XL: |  1  2  3  4  5  6  7  8  9 |
---------------+----------------------------+-----
Shields        | 4 |  4.6
Fighting       | 4 5 6 7 |  7.3
Armour         | 4 5 6 7 8 |  8.8
Axes           | 3 4 5 6 8 10 12 | 12.8
Dodging        | 1 2 3 |  3.8
Stealth        | 1 |  1.1

Action                   |  1- 3 |  4- 6 |  7- 9 || total
-------------------------+-------+-------+-------++-------
Melee: War axe           |    93 |    94 |   243 ||   430
       Headbutt          |    11 |    12 |    38 ||    61
       Punch             |       |       |     2 ||     2
  Use: Scroll            |       |       |     7 ||     7
       Potion            |       |       |     6 ||     6
Armor: Scale mail        |    44 |    60 |   201 ||   305
Dodge: Dodged            |    45 |    35 |   130 ||   210
Block: Buckler           |    14 |    20 |       ||    34

Table legend: (Time is in decaauts)
 A = Elapsed time spent in this place.
 B = Non-inter-level travel time spent in this place.
 C = Inter-level travel time spent in this place.
 D = Time resting spent in this place.
 E = Time spent auto-exploring this place.
 F = Levels seen in this place.
 G = Mean time per level.
                   A        B        C        D        E       F      G
               +--------+--------+--------+--------+--------+-----+--------+
         Total |   4921 |   4725 |    196 |     28 |   3696 |   8 |  615.1 |
       Dungeon |   4890 |   4694 |    196 |     28 |   3696 |   7 |  698.6 |
        Bailey |     31 |     31 |      0 |      0 |      0 |   1 |   31.0 |
               +--------+--------+--------+--------+--------+-----+--------+

Top non-repeatable levels by time:
     D:2: 781 daAuts
     D:3: 777 daAuts
     D:1: 749 daAuts
     D:4: 718 daAuts
     D:6: 716 daAuts
     D:5: 649 daAuts
     D:7: 496 daAuts
  Bailey: 31 daAuts
